 Dungeon Sprint DCSS version 0.29.1-15-g9cfb28693d (webtiles) character file.

Game seed: 4119400437820172679

549 Ast3rio the Cleaver (level 7, -7/75 HPs)
             Began as a Minotaur Berserker on Mar 14, 2023.
             Was an Elder of Trog.
             Mangled by a human (8 damage)
             ... in the Dungeon (Sprint III: "The Ten Rune Challenge").
             The game lasted 00:02:20 (639 turns).

Ast3rio the Cleaver (Minotaur Berserker)             Turns: 639, Time: 00:02:22

Health: -7/75      AC:  3    Str: 23    XL:     7   Next: 7%
Magic:  6/6        EV: 13    Int:  4    God:    Trog [****..]
Gold:   61         SH:  0    Dex: 10    Spells: 6/6 levels left

rFire   + . .      SeeInvis .   p - +4 long sword (holy)
rCold   . . .      Faith    .   (no shield)
rNeg    . . .      Spirit   .   o - +1 robe {rF+}
rPois   .          Reflect  .   (helmet restricted)
rElec   .          Harm     .   (no cloak)
rCorr   .          Rampage  .   (no gloves)
Will    ++...      NoTele   +   (no boots)
Stlth   +.........              (no amulet)
HPRegen 1.22/turn               (no ring)
MPRegen 0.10/turn               (no ring)

@: strong-willed, on berserk cooldown, regenerating, slowed, very slow
A: horns 2, retaliatory headbutt
a: Renounce Religion, Berserk, Trog's Hand, Brothers in Arms


You were in the Dungeon.
You worshipped Trog.
Trog was greatly pleased with you.
You visited 1 branch You collected 61 gold pieces.

Inventory:

Hand Weapons
 a - a +0 hand axe
 n - a +1 dagger of flaming
 p - a +4 long sword of holy wrath (weapon)
Armour
 b - a +0 animal skin
 o - a +1 robe of fire resistance (worn)
Scrolls
 h - a scroll of blinking
 i - 3 scrolls of immolation {unknown}
 j - 2 scrolls of identify {unknown}
 l - a scroll of torment {unknown}
Potions
 c - 2 potions of curing
 d - a potion of heal wounds
 e - a potion of haste
 f - 2 potions of magic
 g - a potion of berserk rage
 k - 4 potions of flight
 m - 6 potions of mutation


   Skills:
 + Level 11.7 Fighting
 + Level 12.0 Axes
 + Level 5.7 Armour
 + Level 6.3 Dodging
 + Level 1.3 Stealth


You had 6 spell levels left.
You didn't know any spells.
Your spell library was empty.

Dungeon Overview and Level Annotations

Branches:
Dungeon (1/1)

Altars:
Elyvilon
Kikubaaqudgha
Okawaru
Sif Muna
Trog
Uskayaw
Vehumet
Wu Jian
Zin
The Shining One


Innate Abilities, Weirdness & Mutations

You have a pair of horns on your head.
You reflexively headbutt those who attack you in melee.


Message History

Found a scale mail.
Found five altars.
A human comes into view.
Found a falchion.
The human drinks a potion.
The human goes berserk!
There is an open door here.
Your skin crawls.
You feel strong-willed.
The human rages.
The human closely misses you. The human barely misses you.
The human shouts!
The human hits you. The human hits you!
There is a hide-covered altar of Uskayaw, spattered with blood here.
You closely miss the human. The human hits you. The human hits you!
The human misses you. The human hits you. The human closely misses you.
You furiously retaliate!
You headbutt the human! The human barely misses you.
You closely miss the human.
The human is lightly wounded.
The human closely misses you. You furiously retaliate!
You headbutt the human, but do no damage.
The human hits you! The human barely misses you. The human hits you.
The human closely misses you.
You hit the human.
The human is lightly wounded.
The human closely misses you. The human hits you!
The human drinks a potion.
The human seems to grow stronger.
The human hits you.
* * * LOW HITPOINT WARNING * * *
The human closely misses you. You furiously retaliate!
You headbutt the human! You hit the human.
The human is moderately wounded.
The human misses you. The human closely misses you. The human hits you.
* * * LOW HITPOINT WARNING * * *
The human hits you!
* * * LOW HITPOINT WARNING * * *
The human misses you. The human closely misses you.
You barely miss the human. Your headbutt misses the human.
The human is moderately wounded.
The human hits you!
* * * LOW HITPOINT WARNING * * *
The human barely misses you. The human hits you but does no damage.
The human hits you!
You die...

▓▓▓▓▓▓ ▓▓▓ .....♣
♣.######### ....♣.♣
♣♣.#___#_p_# ....♣♣♣
..#...#@p)#
....~.♣♣♣♣.###'#'###+##
...~~♣..♣♣.#..........#
..~~~~.♣...'.⌠........#
..~≈≈~~~♣♣.#...######+#
.~~≈~~~....#.⌠.#
.~≈~~~.....#...#
.~~~.......#)###
...........#†:.#


You could see 2 humans.

Vanquished Creatures
  A deep elf pyromancer (D)
  A water elemental (D)
  Jessica (D)
  A wizard (D)
  A human (D)
  A kobold demonologist (D)
  A wolf (D)
  2 endoplasms (D)
  A rat (D)
10 creatures vanquished.

Notes
Turn   | Place    | Note
-------+----------+-------------------------------------------
     0 | D        | Ast3rio the Minotaur Berserker began the quest for the Orb.
     0 | D        | Reached XP level 1. HP: 19/19 MP: 0/0
     4 | D        | Reached skill level 4 in Axes
    38 | D        | Noticed Jessica
    43 | D        | Reached ** piety under Trog
    44 | D        | Killed Jessica
    45 | D        | Reached skill level 5 in Fighting
    45 | D        | Reached skill level 5 in Axes
    45 | D        | Reached XP level 2. HP: 20/30 MP: 1/1
    45 | D        | Reached XP level 3. HP: 25/37 MP: 2/2
    74 | D        | Reached skill level 6 in Axes
    84 | D        | HP: 1/38 [wolf (5)]
    85 | D        | Reached *** piety under Trog
   536 | D        | Noticed a water elemental
   542 | D        | Killed a water elemental
   543 | D        | Reached skill level 8 in Axes
   543 | D        | Reached XP level 4. HP: 48/48 MP: 3/3
   560 | D        | Found a radiant altar of Vehumet.
   560 | D        | Found a shimmering blue altar of Sif Muna.
   560 | D        | Found an ancient bone altar of Kikubaaqudgha.
   560 | D        | Noticed a wizard
   563 | D        | Killed a wizard
   564 | D        | Reached XP level 5. HP: 55/55 MP: 4/4
   609 | D        | Found a glowing silver altar of Zin.
   609 | D        | Found a glowing golden altar of the Shining One.
   609 | D        | Found a white marble altar of Elyvilon.
   610 | D        | Noticed a deep elf pyromancer
   615 | D        | Killed a deep elf pyromancer
   615 | D        | Reached **** piety under Trog
   616 | D        | Reached skill level 12 in Axes
   616 | D        | Reached skill level 5 in Armour
   616 | D        | Reached skill level 1 in Stealth
   616 | D        | Reached XP level 6. HP: 69/69 MP: 5/5
   616 | D        | Reached XP level 7. HP: 75/75 MP: 6/6
   631 | D        | Found a hide-covered altar of Uskayaw.
   631 | D        | Found an iron altar of Okawaru.
   631 | D        | Found a bloodstained altar of Trog.
   631 | D        | Found an ornate altar of the Wu Jian Council.
   631 | D        | Noticed a human
   632 | D        | Noticed a human
   639 | D        | HP: 1/75 [human (10)]
   639 | D        | Mangled by a human

Illustrated notes

Levels and vault maps discovered:
D:        dungeon_sprint_mu [sprint_mu_entry_forest, sprint_mu_temple_rooms,
          sprint_mu_d1_spiders, sprint_mu_d2_genie, sprint_mu_d3_branching,
          sprint_mu_orc_legion, sprint_mu_elf_gauntlet, sprint_mu_hive_nellie,
          sprint_mu_lair_fedhas, sprint_mu_vaults_butterflies,
          sprint_mu_slime_circle, sprint_mu_shoals_kraken,
          sprint_mu_snake_twists, sprint_mu_blade_basic, sprint_mu_crypt_lich,
          sprint_mu_tomb_spiral, sprint_mu_vestibule_basic,
          sprint_mu_gehenna_hellfire, sprint_mu_dis_giant,
          sprint_mu_tartarus_statrot, sprint_mu_cocytus_islands, sprint_mu_zot1]

Skill      XL: |  1  2  3  4  5 |
---------------+----------------+-----
Fighting       | 5 7 8 11 | 11.7
Axes           | 5 8 12 | 12.0
Armour         | 3 4 5 |  5.7
Dodging        | 3 4 6 |  6.3
Stealth        | 1 |  1.3

Action                   |  1- 3 |  4- 6 |  7- 9 || total
-------------------------+-------+-------+-------++-------
Melee: Hand axe          |    22 |     6 |       ||    28
       Headbutt          |     3 |     3 |       ||     6
       Dagger            |       |     3 |       ||     3
       Long sword        |       |       |     5 ||     5
Invok: Berserk           |     2 |     1 |       ||     3
       Trog's Hand       |       |     1 |     1 ||     2
Armor: Robe              |       |       |     1 ||     1
Dodge: Dodged            |     9 |     3 |    15 ||    27
